 Dungeon Crawl Stone Soup version 0.27-a0-203-gd48b2df3c9 (webtiles) character file.

Game seed: 10227106438267185116

37 dickylongcocking the Insei (level 3, -2/23 HPs)
             Began as an Octopode Transmuter on Jan 31, 2021.
             Killed from afar by Terence (9 damage)
             ... with a puff of flame
             ... on level 2 of the Dungeon.
             The game lasted 00:00:53 (1142 turns).

dickylongcocking the Insei (Octopode Transmuter)    Turns: 1142, Time: 00:00:53

Health: -2/23      AC:  1    Str:  7 (9)  XL:     3   Next: 39%
Magic:  15/15      EV: 17    Int: 15 (16) God:
Gold:   43         SH:  0    Dex:  9 (12) Spells: 5/6 levels left

rFire    . . .     SeeInvis .     - Unarmed
rCold    . . .     Faith    .   (no shield)
rNeg     . . .     Spirit   .   (helmet restricted)
rPois    .         Reflect  .   (no amulet)
rElec    .         Harm     .   f - +4 ring of evasion
rCorr    .         Rampage  .   k - ring of magical power
Will     .....                  (no ring)
Stlth    ++........             (no ring)
HPRegen  0.07/turn              (no ring)
MPRegen  0.14/turn              (no ring)
                                (no ring)
                                (no ring)

@: flying
A: almost no armour, stealthy swim, amphibious, 8 rings, constrict 8, camouflage
1, gelatinous body 1
a: no special abilities


You were on level 2 of the Dungeon.
You visited 1 branch of the dungeon, and saw 2 of its levels.

You collected 43 gold pieces.

Inventory:

Jewellery
 f - a +4 ring of evasion (left tentacle)
 k - a ring of magical power (right tentacle)
Scrolls
 a - a scroll of amnesia {unknown}
 c - 3 scrolls of identify {unknown}
 e - a scroll of remove curse {unknown}
 g - a scroll of noise {unknown}
 i - a scroll of teleportation {unknown}
 l - a scroll of fog {unknown}
Potions
 h - a potion of curing


   Skills:
 + Level 1.0 Fighting
 + Level 2.1 Dodging
 + Level 3.9 Unarmed Combat
 + Level 2.3 Spellcasting
 + Level 2.2 Transmutations


You had 5 spell levels left.
You knew the following spells:

 Your Spells              Type           Power        Failure   Level
a - Beastly Appendage     Tmut           16%          9%          1

Your spell library contained the following spells:

 Spells                   Type           Power        Failure   Level
 Wereblood                Tmut           8%           13%         2
 Spider Form              Tmut/Pois      2%           38%         3
 Ice Form                 Ice/Tmut       5%           80%         4
 Blade Hands              Tmut           4%           94%         5


Dungeon Overview and Level Annotations

Branches:
Dungeon (2/15)

Altars:

Annotations:
D:2 Terence


Innate Abilities, Weirdness & Mutations

You cannot wear most types of armour.
You are very stealthy in the water. (Stealth+)
You are amphibious.
You can wear up to eight rings at the same time.
You can use your tentacles to constrict eight enemies at once.
Your skin changes colour to match your surroundings (Stealth+).
Your rubbery body absorbs attacks. (AC +1, EV +1)


Message History

You tentacle-slap the kobold.
You kill the kobold!
Terence closely misses you.
You barely miss Terence. You grab Terence.
You constrict Terence, but do no damage.
Terence hits you with a +0 short sword.
It was a potion of flight.
You feel very buoyant.
You fly up into the air.
You constrict Terence. Terence barely misses you.
It was a potion of curing.
You feel better.
You constrict Terence, but do no damage.
Terence hits you with a +0 short sword!
You release your grip on Terence.
Terence hits you with a +0 short sword.
It was a potion of degeneration.
There was something very wrong with that liquid.
You feel weakened.
You feel dopey.
You feel clumsy.
Terence zaps a wand.
The puff of flame misses you.
It was a potion of magic.
Magic courses through your body.
Terence zaps a wand.
The puff of flame hits you!
You die...

###########
#.........#
#.........#
#.$....)..#
#........)#
#..@......#
######.@.......#
...............#
.................
#######.#####.###
#.## .# #..# #.#
##.## #.# #..#
#.# #########.#
#.#


You could see Terence.

Vanquished Creatures
  A worm (D:2)
  3 dart slugs (D:1)
  A leopard gecko (D:1)
  A ball python (D:2)
  A giant cockroach (D:1)
  4 goblins
  6 hobgoblins
  2 kobolds
  3 bats
  A frilled lizard (D:1)
  A rat (D:2)
24 creatures vanquished.

Notes
Turn   | Place    | Note
-------+----------+-------------------------------------------
     0 | D:1      | dickylongcocking the Octopode Transmuter began the quest
                  | for the Orb.
     0 | D:1      | Reached XP level 1. HP: 13/13 MP: 3/3
   246 | D:1      | Reached XP level 2. HP: 16/18 MP: 3/5
   609 | D:1      | Reached XP level 3. HP: 23/23 MP: 6/6
  1131 | D:2      | Noticed Terence
  1142 | D:2      | Killed from afar by Terence

Illustrated notes

Levels and vault maps discovered:
D:1:      dpeg_arrival_pits, layout_rooms
D:2:      layout_basic, lemuel_blue_sif_altar, uniq_terence

Action                   || total
-------------------------++-------
Melee: Unarmed           ||    61
       Constrict         ||    20
       Tentacles         ||    12
       Kick              ||     3
       Punch             ||     1
 Cast: Beastly Appendage ||     3
  Use: Potion            ||     4
 Stab: Sleeping          ||     1
Armor: Skin              ||    16
Dodge: Dodged            ||    48

Table legend: (Time is in decaauts)
 A = Elapsed time spent in this place.
 B = Non-inter-level travel time spent in this place.
 C = Inter-level travel time spent in this place.
 D = Time resting spent in this place.
 E = Time spent auto-exploring this place.
 F = Levels seen in this place.
 G = Mean time per level.
                   A        B        C        D        E       F      G
               +--------+--------+--------+--------+--------+-----+--------+
         Total |   1136 |   1122 |     14 |      0 |    932 |   2 |  568.0 |
       Dungeon |   1136 |   1122 |     14 |      0 |    932 |   2 |  568.0 |
               +--------+--------+--------+--------+--------+-----+--------+

Top non-repeatable levels by time:
     D:1: 738 daAuts
     D:2: 398 daAuts
